 Dungeon Crawl Stone Soup version 0.31-a0-536-ga3e2962e35 (webtiles) character file.

Game seed: 4356593733426838103

68867 Gargoyl the Severer (level 15, -10/103 HPs)
             Began as a Gargoyle Berserker on Aug 13, 2023.
             Was a High Priest of Trog.
             Mangled by a spriggan defender simulacrum (30 damage)
             ... summoned by an orange crystal statue
             ... in an ice cave.
             The game lasted 00:25:05 (18611 turns).

Gargoyl the Severer (Gargoyle Berserker)           Turns: 18611, Time: 00:25:05

Health: -10/103    AC: 31    Str: 24      XL:     15   Next: 28%
Magic:  13/13      EV: 17    Int:  5 (8)  God:    Trog [*****.]
Gold:   2767       SH:  0    Dex: 16      Spells: 14/14 levels left

rFire   + . .        o - +10 hand axe "Xejapiq" {flame, Fragile rCorr Dex+3}
rCold   . . .        (no shield)
rNeg    + . .        p - +0 chain mail
rPois   ∞            g - +2 helmet
rElec   +            w - +1 cloak
rCorr   +            u - +0 pair of gloves
SInv    .            (no boots)
Will    +++..        b - amulet of the acrobat
Stlth   +            a - ring of protection from fire
HPRegen 1.37/turn    q - +5 ring of evasion
MPRegen 0.13/turn

%: acrobat
@: strong-willed, flying, regenerating, unable to read
A: sickness immunity, AC +11, big wings, negative energy resistance 1,
electricity resistance, torment resistance 1, petrification resistance, low MP
1, inability to read after injury 1, MP-powered wands
a: Renounce Religion, Berserk, Trog's Hand, Brothers in Arms


You were in an ice cave.
You worshipped Trog.
Trog was extremely pleased with you.
You visited 2 branches of the dungeon, and saw 19 of its levels.
You also visited: Ice Cave.

You collected 3211 gold pieces.
You spent 444 gold pieces at shops.

Inventory:

Hand Weapons
 l - a +5 broad axe
 n - a +8 war axe
 o - the +10 hand axe "Xejapiq" (weapon) {flame, Fragile rCorr Dex+3}
   (You found it on level 9 of the Dungeon)

   Dex+3:     It affects your dexterity (+3).
   rCorr:     It protects you from acid and corrosion.
   Fragile:   It will be destroyed if unequipped.
 r - a +5 war axe of freezing
Missiles
 A - 9 curare-tipped darts (quivered)
 H - 21 poisoned darts
Armour
 g - a +2 helmet (worn)
 p - a +0 chain mail (worn)
 u - a +0 pair of gloves (worn)
 w - a +1 cloak (worn)
Jewellery
 a - a ring of protection from fire (left hand)
 b - an amulet of the acrobat (around neck)
 q - a +5 ring of evasion (right hand)
 v - a +6 ring of intelligence
 C - the ring of Kamekett {Will+ Str+5 SInv}
   (You bought it in a shop on level 12 of the Dungeon)

   [ring of see invisible]

   Str+5:     It affects your strength (+5).
   Will+:     It increases your willpower.
   SInv:      It lets you see invisible.
 J - a ring of positive energy
Wands
 h - a wand of flame (38)
 s - a wand of roots (23)
 x - a wand of polymorph (10)
 z - a wand of paralysis (10)
 F - a wand of light (4)
Scrolls
 d - 5 scrolls of blinking
 j - 4 scrolls of fog
 y - 6 scrolls of enchant armour
 B - a scroll of silence
 D - 3 scrolls of poison
 E - a scroll of fear
 G - a scroll of teleportation
 I - a scroll of identify
 L - a scroll of summoning
Potions
 c - 14 potions of curing
 e - a potion of heal wounds
 f - a potion of might
 i - a potion of haste
 k - a potion of invisibility
 m - 4 potions of lignification
 t - 2 potions of enlightenment
 K - 2 potions of mutation
 M - 2 potions of berserk rage
 N - 2 potions of magic


   Skills:
 + Level 15.4 Fighting
 + Level 16.2 Axes
 + Level 1.1 Throwing
 + Level 12.9 Armour
 + Level 6.8 Dodging
 + Level 5.9 Stealth
 + Level 0.3 Unarmed Combat


You had 14 spell levels left.
You didn't know any spells.
Your spell library was empty.

Dungeon Overview and Level Annotations

Branches:
Dungeon (14/15)            Temple (0/1) D:4            Lair (5/5) D:10
 Shoals (0/4) Lair:3        Snake (0/4) Lair:3        Slime (0/5) Lair:5
    Orc (0/2) D:9           IceCv (1/1)
 Vaults: D:13-14

Altars:
Ashenzari
Cheibriados
Dithmenos
Elyvilon
Hepliaklqana
Kikubaaqudgha
Makhleb
Nemelex Xobeh
Ru
Vehumet
Wu Jian
Yredelemnul
The Shining One
Jiyva

Shops:
D:1 *   D:2 (   D:9 :   D:10 :   D:12 =

Portals:
Trove: D:11 (give 4 scrolls of fear)

Annotations:
D:9 exclusion: obsidian statue
D:12 3 runed translucent doors, jaspen's ghost, journeyman MiFi IceCv exclusions: obsidian statue and orange crystal statue


Innate Abilities, Weirdness & Mutations

You are immune to sickness and miasma.
Your stone body is resilient. (AC +11)
You are immune to poison.
Your large and strong wings let you fly.
You resist negative energy. (rN+)
You are resistant to electric shocks. (rElec)
You are resistant to unholy torment.
You are immune to petrification.
Your magical capacity is low. (-10% MP)
You occasionally lose the ability to read scrolls when taking damage.
You expend magic power (3 MP) to strengthen your wands.


Message History

Okay, then.
Unknown command.
You slash the neqoxec! You burn the neqoxec.
The neqoxec is severely wounded.
The neqoxec hits you but does no damage.
You barely miss the neqoxec.
The neqoxec is severely wounded.
You closely miss the crimson imp.
You miss the spriggan defender simulacrum.
The spriggan defender simulacrum hits you but does no damage.
Unknown command.
You slash the neqoxec! You burn the neqoxec.
You kill the neqoxec!
The neqoxec disappears in a puff of smoke!
You slash the crimson imp!
You kill the crimson imp!
The crimson imp disappears in a puff of smoke!
You barely miss the spriggan defender simulacrum.
The spriggan defender simulacrum misses you.
You miss the spriggan defender simulacrum.
The spriggan defender simulacrum is severely damaged.
The spriggan defender simulacrum hits you.
The spriggan defender simulacrum freezes you!!!
Unknown command.
You hit the spriggan defender simulacrum.
You melt the spriggan defender simulacrum.
Your punch misses the spriggan defender simulacrum.
The spriggan defender simulacrum is severely damaged.
The spriggan defender simulacrum hits you!
The spriggan defender simulacrum freezes you!!!
You feel threatened and lose the ability to read scrolls!
* * * LOW HITPOINT WARNING * * *
You feel much better.
The spriggan defender simulacrum barely misses you.
Your skin crawls.
You feel strong-willed.
The spriggan defender simulacrum hits you!
* * * LOW HITPOINT WARNING * * *
The spriggan defender simulacrum freezes you!!
You die...

#### ### ##..##
#### 8.
##....#####..####.
#.§.....##....##..
#@ZZ∩Z......#..Z..
#..........###.Z..
##....##..## ###..
##..###### ##.
#### 8. #. #. #


You could see a dire elephant simulacrum (summoned), a spriggan defender
simulacrum (summoned) and a minotaur simulacrum (summoned).

Vanquished Creatures
  Gastronok (Lair:1)
  A very ugly thing (D:12)
  The ghost of jaspen the Protected, a journeyman MiFi of Okawaru (D:13)
  3 jiangshi (D:13)
  Josephine (Lair:3)
  Harold (Lair:1)
  5 hydras (Lair:5)
  3 boulder beetles
  A catoblepas (Lair:4)
  2 centaur warriors
  A death yak (Lair:4)
  2 two-headed ogres
  A vampire mage (D:13)
  Sonja (D:13)
  A skyshark (Lair:2)
  Lodul (D:13)
  3 spriggan simulacra (IceCv)
  A swamp dragon (Lair:5)
  A deep elf pyromancer (D:12)
  A lindwurm (Lair:5)
  6 ugly things
  2 wolf spiders (Lair:5)
  A guardian serpent (Lair:5)
  2 manticores
  10 black mambas
  A merfolk siren (Lair:3)
  9 elephants
  A torpor snail (Lair:5)
  12 cane toads
  2 gargoyles
  3 kobold demonologists
  7 komodo dragons
  Maggie (D:6)
  6 rime drakes
  2 freezing wraiths (IceCv)
  5 trolls
  2 hornets (Lair:5)
  4 polar bears
  Grinder (D:5)
  8 blink frogs (Lair:5)
  9 slime creatures
  2 shadows
  6 vampires
  2 water elementals (D:12)
  15 wyverns
  7 wraiths
  A dire elephant simulacrum (IceCv)
  60 yaks
  A minotaur simulacrum (IceCv)
  4 basilisks
  4 steam dragons
  7 vampire mosquitoes (D:13)
  Menkaure (D:6)
  2 redbacks (Lair:5)
  2 nagas (Lair:3)
  24 water moccasins
  Duvessa (D:7)
  2 orc warriors
  A sky beast (D:8)
  A black bear (D:4)
  3 swamp drakes (Lair:5)
  10 ogres
  8 wolves
  4 centaurs
  3 phantoms
  2 kobold brigands
  11 bullfrogs
  2 scorpions
  A deep troll simulacrum (IceCv)
  3 wights (D:6)
  Dowan (D:7)
  A lindwurm simulacrum (IceCv)
  A howler monkey (D:7)
  2 electric eels
  A hound (D:6)
  5 jellies
  5 orc priests
  Crazy Yiuf (D:2)
  A gnoll bouda (D:7)
  5 hell rats (Lair:1)
  10 iguanas
  9 orc wizards
  Robin (D:2)
  9 gnolls
  6 adders
  2 white imps
  An ufetubus (D:5)
  3 worms
  4 dart slugs
  31 orcs
  9 ball pythons
  3 bats
  13 endoplasms
  5 giant cockroaches
  25 goblins
  12 hobgoblins
  4 jackals (D:1)
  5 quokkas
  4 frilled lizards
  13 kobolds
  2 rats (D:3)
  A spectral orc (D:3)
511 creatures vanquished.

Vanquished Creatures (others)
  A fire dragon (Lair:5)
  An unseen horror (D:12)
  A basilisk (Lair:5)
3 creatures vanquished.

Grand Total: 514 creatures vanquished

Notes
Turn   | Place    | Note
-------+----------+-------------------------------------------
     0 | D:1      | Gargoyl the Gargoyle Berserker began the quest for the Orb.
     0 | D:1      | Reached XP level 1. HP: 14/14 MP: 1/1
    72 | D:1      | Reached XP level 2. HP: 6/19 MP: 2/2
   290 | D:1      | Reached skill level 3 in Axes
   385 | D:1      | Reached XP level 3. HP: 24/24 MP: 3/3
   421 | D:1      | Found Awes's Assorted Antiques.
   461 | D:1      | Bought a scroll labelled FATA EQIWOO for 25 gold pieces
   811 | D:2      | Found Qegex's Antique Weapon Emporium.
   936 | D:2      | Noticed Robin
   941 | D:2      | Reached ** piety under Trog
   945 | D:2      | Killed Robin
   946 | D:2      | Reached XP level 4. HP: 29/29 MP: 4/4
  1566 | D:2      | Reached *** piety under Trog
  1567 | D:2      | Reached skill level 1 in Stealth
  1619 | D:2      | Reached XP level 5. HP: 33/33 MP: 5/5
  1631 | D:2      | Found a runed translucent door.
  1632 | D:2      | Noticed Crazy Yiuf
  1766 | D:2      | Killed Crazy Yiuf
  1767 | D:2      | Reached skill level 4 in Axes
  1932 | D:3      | Found an ornate altar of the Wu Jian Council.
  2332 | D:3      | Found a basalt altar of Yredelemnul.
  2486 | D:4      | Found a staircase to the Ecumenical Temple.
  2499 | D:4      | Noticed a phantom
  2525 | D:4      | Killed a phantom
  2526 | D:4      | Reached XP level 6. HP: 19/38 MP: 6/6
  3076 | D:4      | Reached **** piety under Trog
  3086 | D:4      | Noticed a black bear
  3095 | D:4      | Killed a black bear
  3096 | D:4      | Reached skill level 5 in Axes
  3153 | D:4      | Reached XP level 7. HP: 44/44 MP: 7/7
  3382 | D:5      | Entered Level 5 of the Dungeon
  3518 | D:5      | Noticed Grinder
  3541 | D:5      | Paralysed by Grinder for 3 turns
  3551 | D:5      | Killed Grinder
  3552 | D:5      | Reached skill level 5 in Fighting
  3552 | D:5      | Reached skill level 6 in Axes
  4180 | D:6      | Reached XP level 8. HP: 49/49 MP: 8/8
  4378 | D:6      | Reached skill level 7 in Axes
  4437 | D:6      | Noticed Menkaure
  4443 | D:6      | Killed Menkaure
  4563 | D:6      | Noticed Maggie
  4587 | D:6      | Killed Maggie
  4588 | D:6      | Reached XP level 9. HP: 28/56 MP: 9/9
  4905 | D:7      | Reached skill level 8 in Axes
  4908 | D:7      | Reached skill level 5 in Armour
  5009 | D:7      | Found a snail-covered altar of Cheibriados.
  5012 | D:7      | Found a burning altar of Makhleb.
  5036 | D:7      | Found a sparkling altar of Nemelex Xobeh.
  5057 | D:7      | Found a broken altar of Ashenzari.
  5386 | D:7      | Noticed Duvessa
  5386 | D:7      | Noticed Dowan
  5394 | D:7      | Killed Dowan
  5395 | D:7      | Reached skill level 9 in Axes
  5396 | D:7      | Killed Duvessa
  5433 | D:7      | Found a hazy altar of Hepliaklqana.
  5966 | D:8      | Reached XP level 10. HP: 50/63 MP: 10/10
  6282 | D:8      | Reached skill level 10 in Axes
  6683 | D:9      | Noticed an obsidian statue
  6733 | D:9      | Gained mutation: You occasionally lose the ability to read
                  | scrolls when taking damage. [potion of mutation]
  6733 | D:9      | Gained mutation: You expend magic power (3 MP) to
                  | strengthen your wands. [potion of mutation]
  6741 | D:9      | Found Anuifost's Book Shoppe.
  6777 | D:9      | Identified the +10 hand axe "Xejapiq" {flame, Fragile rCorr
                  | Dex+3}
  6782 | D:9      | Noticed a rust devil
  6945 | D:9      | Found a sacrificial altar of Ru.
  6957 | D:9      | Identified the +0 leather armour "Xosun" {Contam Will+
                  | rCorr Dex+2}
  7134 | D:9      | Found a glowing golden altar of the Shining One.
  7256 | D:9      | Found a white marble altar of Elyvilon.
  7257 | D:9      | Found a radiant altar of Vehumet.
  7635 | D:9      | Found a staircase to the Orcish Mines.
  7731 | D:10     | Entered Level 10 of the Dungeon
  7793 | D:10     | Found a shadowy altar of Dithmenos.
  7837 | D:10     | Reached skill level 11 in Axes
  7848 | D:10     | Reached ***** piety under Trog
  7851 | D:10     | Reached XP level 11. HP: 41/69 MP: 11/11
  7855 | D:10     | Found a staircase to the Lair.
  7885 | D:10     | Noticed a two-headed ogre
  7893 | D:10     | Killed a two-headed ogre
  8193 | D:10     | Found an ancient bone altar of Kikubaaqudgha.
  8233 | D:10     | Reached skill level 12 in Axes
  8304 | D:10     | Found Suvofupopi's Tiny Tomes.
  8373 | D:10     | You fall into a shaft and drop 2 floors!
  8422 | D:12     | Noticed a deep elf pyromancer
  8428 | D:12     | Killed a deep elf pyromancer
  8576 | D:11     | Noticed a two-headed ogre
  8587 | D:11     | Killed a two-headed ogre
  8781 | D:11     | Found a portal to a secret trove of treasure.
  9178 | Lair:1   | Entered Level 1 of the Lair of Beasts
  9187 | Lair:1   | Noticed a boulder beetle
  9201 | Lair:1   | Killed a boulder beetle
  9242 | Lair:1   | Reached skill level 13 in Axes
  9257 | Lair:1   | Reached skill level 10 in Fighting
  9257 | Lair:1   | Reached XP level 12. HP: 29/77 MP: 12/12
  9425 | Lair:1   | Noticed Harold
  9440 | Lair:1   | Killed Harold
  9567 | Lair:1   | Noticed Gastronok
  9586 | Lair:1   | Killed Gastronok
  9787 | Lair:1   | You fall into a shaft and drop 1 floor!
  9954 | Lair:2   | Noticed a skyshark
  9964 | Lair:2   | Killed a skyshark
 10958 | Lair:3   | Noticed Josephine
 10972 | Lair:3   | Killed Josephine
 10973 | Lair:3   | Reached skill level 14 in Axes
 11332 | Lair:3   | Reached skill level 10 in Armour
 11434 | Lair:3   | Found a staircase to the Shoals.
 11577 | Lair:3   | Identified the +1 ring mail "Avuwk" {-Tele rPois Int+5}
 11581 | Lair:3   | Found a staircase to the Snake Pit.
 11817 | Lair:3   | Reached XP level 13. HP: 76/84 MP: 13/13
 12132 | Lair:4   | Found the +3 Mad Mage's Maulers {Infuse+∞ VampMP -Cast}
 12408 | Lair:4   | Received a gift from Trog
 12705 | Lair:4   | Reached skill level 5 in Dodging
 13076 | Lair:5   | Entered Level 5 of the Lair of Beasts
 13319 | Lair:5   | Reached skill level 5 in Stealth
 13509 | Lair:5   | Reached skill level 15 in Axes
 13694 | Lair:5   | Gained mutation: Your large and strong wings let you fly.
                  | [Gargoyle growth]
 13694 | Lair:5   | Reached XP level 14. HP: 56/94 MP: 14/14
 13723 | Lair:5   | Received a gift from Trog
 13837 | Lair:5   | Identified a scroll of acquirement
 13837 | Lair:5   | Acquired 1054 gold pieces
 14501 | Lair:5   | Found a staircase to the Slime Pits.
 15709 | D:12     | Noticed a cyan very ugly thing
 15737 | D:12     | Killed a cyan very ugly thing
 15803 | D:12     | Identified the +0 chain mail of Sushumyti {rCorr}
 15829 | D:12     | Found a runed translucent gate.
 15829 | D:12     | Found a runed translucent gate.
 15829 | D:12     | Found a runed translucent gate.
 15829 | D:12     | Noticed an azure jelly
 15829 | D:12     | Noticed an acid blob
 15829 | D:12     | Noticed jaspen's ghost (journeyman MiFi)
 15829 | D:12     | Noticed an acid blob
 15829 | D:12     | Noticed a quicksilver ooze
 15829 | D:12     | Noticed a rockslime
 15829 | D:12     | Noticed an acid blob
 15831 | D:12     | Noticed an azure jelly
 15833 | D:12     | Noticed an acid blob
 15993 | D:12     | Found Sucw's Jewellery Shop.
 15996 | D:12     | Bought the ring of Kamekett {Will+ Str+5 SInv} for 419 gold
                  | pieces
 16293 | D:12     | Found a viscous altar of Jiyva.
 16890 | D:13     | Received a gift from Trog
 16972 | D:13     | Noticed Lodul
 16982 | D:13     | Reached skill level 16 in Axes
 16989 | D:13     | Killed Lodul
 17017 | D:13     | Reached XP level 15. HP: 78/101 MP: 15/15
 17321 | D:13     | Found a runed translucent door.
 17321 | D:13     | Noticed jaspen's ghost (journeyman MiFi)
 17422 | D:13     | Noticed Sonja
 17507 | D:13     | Killed Sonja
 17701 | D:13     | Reached skill level 15 in Fighting
 17853 | D:13     | Found a shadowy altar of Dithmenos.
 17869 | D:13     | Identified the +7 scimitar "Embalmer" {heavy, Drain rN+
                  | SInv}
 18172 | D:13     | Killed jaspen's ghost
 18173 | D:13     | Reached skill level 1 in Throwing
 18244 | D:14     | Found a frozen archway.
 18250 | IceCv    | Entered an ice cave
 18585 | IceCv    | Gained mutation: Your magical capacity is low. (-10% MP) [a
                  | neqoxec]
 18611 | IceCv    | Mangled by a spriggan defender simulacrum

Illustrated notes

Levels and vault maps discovered:
D:1:      giann_bridges, layout_loops_cross, serial_shops,
          nicolae_shop_tiny_statue_garden
D:2:      cheibrodos_greedy_goblins, layout_loops_cross, serial_shops,
          nicolae_shop_tiny_statue_garden, uniq_robin, uniq_crazy_yiuf_cottage
D:3:      layout_loops_cross, mainiacjoe_overflow_brackets,
          yredelemnul_forgotten_temple_becter
D:4:      layout_basic, temple_pool_b, minmay_diced_spiral
D:5:      layout_basic, minivault_23, grunt_ministairs_6, uniq_grinder
D:6:      layout_basic, minivault_25, uniq_menkaure, uniq_maggie
D:7:      hellmonk_crumbling_castle, layout_basic,
          grunt_temple_overflow_cloverleaf, general_overflow_altar, uniq_duvessa
D:8:      layout_loops_ring, grunt_decor_mini_mirrors
D:9:      layout_loops_ring, kennysheep_little_box, tso_oasis_becter,
          nicolae_overflow_squiral, hiddenorc1_lemuel, serial_shops, shop,
          minmay_protected_statue
D:10:     layout_basic, mainiacjoe_overflow_boulevard, lemuel_tele_altar,
          minmay_lair_entry_grove, nicolae_shop_i_like_small_books_too,
          nicolae_figureground_pulse
D:11:     layout_gridville, nicolae_trove_entry_free_sample
D:12:     layout_basic, serial_shops, nicolae_shop_behind_doors,
          gammafunk_ghost_ooze, minmay_mirror_moons_of_madness
D:13:     layout_basic, gammafunk_ghost_grave, nicolae_nh_vlads_tower,
          uniq_sonja, uniq_lodul
D:14:     layout_gridville, lightli_vaults_fourway_checkpoint,
          portal_ice_cave_entry_pillars_three, grunt_decor_arrowhead,
          minmay_misc_feat_tower, uniq_jorgrun
Lair:1:   layout_hall_layers, chequers_serial_rivers_small_a, uniq_harold,
          uniq_gastronok
Lair:2:   layout_gridlike, ldierk_geyser
Lair:3:   layout_hall_layers, minmay_shoals_entry_lonely_mermaid,
          guppyfry_snake_entry_island, minmay_holes, lemuel_fruit_tree,
          uniq_josephine
Lair:4:   layout_cave_pods, nicolae_lair_yak_garden
Lair:5:   hangedman_lair_tendril_chambers, layout_loops_ring,
          guppyfry_lair_end_dragon, minmay_slime_entry_pillars, serial_rivers,
          chequers_serial_rivers_micro_c, chequers_serial_rivers_micro_a,
          chequers_serial_rivers_small_a, chequers_serial_rivers_micro_b,
          chequers_serial_rivers_large_a, chequers_serial_rivers_small_a
IceCv:    ice_cave_small_demon

Skill      XL: |  1  2  3  4  5  6  7  8  9 10 11 12 13 14 15 |
---------------+----------------------------------------------+-----
Axes           | 3 4 5 6 7 9 11 13 14 15 16 | 16.2
Dodging        | 2 3 4 5 6 |  6.8
Fighting       | 4 5 6 7 8 10 11 13 14 15 | 15.4
Stealth        | 1 2 3 5 |  5.9
Armour         | 3 4 5 7 8 10 11 12 | 12.9
Throwing       | 1 |  1.1
Unarmed Combat | |  0.3

Action                     |  1- 3 |  4- 6 |  7- 9 | 10-12 | 13-15 || total
---------------------------+-------+-------+-------+-------+-------++-------
  Melee: Hand axe          |    98 |   309 |    71 |   366 |   808 ||  1652
         Punch             |       |     3 |     2 |     4 |    10 ||    19
         War axe           |       |       |   132 |    25 |       ||   157
         Unarmed           |       |       |       |       |     5 ||     5
  Throw: Dart              |       |       |       |     3 |     2 ||     5
 Invoke: Berserk           |     1 |     3 |     5 |     5 |    14 ||    28
         Trog's Hand       |       |       |     7 |     3 |     8 ||    18
         Brothers in Arms  |       |       |       |       |     1 ||     1
    Use: Scroll            |     6 |     1 |     8 |     7 |     7 ||    29
         Potion            |       |       |     2 |     5 |     1 ||     8
   Stab: Sleeping          |     1 |     7 |       |       |       ||     8
         Petrified         |       |       |       |       |     9 ||     9
         Petrifying        |       |       |       |       |     2 ||     2
         Confused          |       |       |       |       |     1 ||     1
 Armour: Animal skin       |    45 |   122 |       |       |       ||   167
         Chain mail        |       |       |   150 |   171 |   380 ||   701
         Skin              |       |       |       |       |     1 ||     1
  Dodge: Dodged            |    76 |   197 |   123 |   322 |   678 ||  1396

Table legend: (Time is in decaauts)
 A = Elapsed time spent in this place.
 B = Non-inter-level travel time spent in this place.
 C = Inter-level travel time spent in this place.
 D = Time resting spent in this place.
 E = Time spent auto-exploring this place.
 F = Levels seen in this place.
 G = Mean time per level.
                   A        B        C        D        E       F      G
               +--------+--------+--------+--------+--------+-----+--------+
         Total |  18529 |  17780 |    749 |    462 |  13415 |  20 |  926.5 |
       Dungeon |  12471 |  11951 |    520 |    175 |   9136 |  14 |  890.8 |
          Lair |   5706 |   5477 |    229 |     38 |   4255 |   5 | 1141.2 |
      Ice Cave |    351 |    351 |      0 |    248 |     24 |   1 |  351.0 |
               +--------+--------+--------+--------+--------+-----+--------+

Top non-repeatable levels by time:
    D:13: 1875 daAuts
  Lair:5: 1707 daAuts
  Lair:4: 1162 daAuts
  Lair:1: 1086 daAuts
     D:9: 1072 daAuts
     D:2: 1067 daAuts
    D:10: 1026 daAuts
  Lair:3: 1006 daAuts
     D:7: 980 daAuts
     D:4: 939 daAuts
    D:12: 911 daAuts
     D:8: 830 daAuts
     D:1: 823 daAuts
     D:5: 795 daAuts
    D:11: 764 daAuts
